 Dungeon Crawl Stone Soup version 0.24.0-37-gcf1ca852f1 (webtiles) character file.

Game seed: 1361718081964180198, levelgen mode: deterministic

5 glosham the Skirmisher (level 1, -11/18 HPs)
             Began as a Mummy Abyssal Knight on Dec 7, 2019.
             Was a Follower of Lugonu.
             Mangled by a thrashing horror (12 damage)
             ... on level 1 of the Abyss.
             The game lasted 00:04:07 (227 turns).

glosham the Skirmisher (Mummy Abyssal Knight)        Turns: 227, Time: 00:04:08

Health: -11/18     AC:  3    Str: 15    XL:     1   Next: 66%
Magic:  2/2        EV: 11    Int: 11    God:    Lugonu [*.....]
Gold:   0          SH:  0    Dex: 11    Spells: 0/0 levels left

rFire    x . .     SeeInvis .   a - +1 hand axe
rCold    + . .     Gourm    .   (no shield)
rNeg     + + +     Faith    .   b - +0 leather armour
rPois    ∞         Spirit   .   (no helmet)
rElec    .         Reflect  .   (no cloak)
rCorr    .         Harm     .   (no gloves)
MR       .....                  (no boots)
Stlth    +.........             (no amulet)
HPRegen  0.06/turn              (no ring)
MPRegen  0.08/turn              (no ring)

@: no status effects
A: no food or potions, fire vulnerability, cold resistance 1, negative energy
resistance 3, torment resistance, unbreathing
a: Depart the Abyss, Renounce Religion


You were on level 1 of the Abyss.
You worshipped Lugonu.
Lugonu was aware of your devotion.
You were not hungry.

You visited 0 branches of the dungeon, and saw 0 of its levels.
You visited the Abyss 1 time.

Inventory:

Hand Weapons
 a - a +1 hand axe (weapon)
Armour
 b - a +0 leather armour (worn)


   Skills:
 - Level 3.0 Fighting
 * Level 2.0 Axes
 - Level 1.5 Armour
 - Level 0.7 Dodging
 - Level 1.5 Invocations


You couldn't memorise any spells.
You didn't know any spells.
Your spell library was empty.

Dungeon Overview and Level Annotations

Branches:
Dungeon (0/15)

Altars:


Innate Abilities, Weirdness & Mutations

You do not eat or drink.
Your flesh is vulnerable to fire.
You are immune to poison.
Your flesh is cold resistant. (rC+)
You are immune to negative energy. (rN+++)
You are immune to unholy pain and torment.
You can survive without breathing.


Message History

The ufetubus barely misses you.
The ufetubus hits you but does no damage.
You miss the ufetubus.
The ufetubus is severely wounded.
The ufetubus barely misses you. x2; The ufetubus hits you.
* * * LOW HITPOINT WARNING * * *
The ufetubus closely misses you.
You hit the ufetubus.
You kill the ufetubus!
Your Axes skill increases to level 2!
Unknown command.
You see here a ration.
You are suddenly pulled into a different region of the Abyss!
Found a corrupted altar of Lugonu.
You are suddenly pulled into a different region of the Abyss!
Found 15 stones.
Found 20 arrows.
Found a ration.
A small abomination comes into view.
Found a hand axe.
A thrashing horror comes into view.
Found a gateway leading deeper into the Abyss.
The thrashing horror tramples you.
You hold your ground!
The thrashing horror tramples you.
You stumble backwards!
A thrashing horror comes into view.
The thrashing horror roars! x2
The thrashing horror barely misses you. The thrashing horror tramples you!
* * * LOW HITPOINT WARNING * * *
You stumble backwards!
Unknown command.
The thrashing horror roars!
The thrashing horror tramples you.
* * * LOW HITPOINT WARNING * * *
You stumble backwards!
An ancient lich comes into view.
Unknown command.
The thrashing horror roars!
The ancient lich shouts!
The thrashing horror tramples you!
Ouch! That really hurt!
You die...

... ............ ...
...........# ....
........# #.# .....
#......####..#
?....##......#..#.#
..............#...#
...............##.# ##
.......@.X....##..# #.
........X......#..# .#)
..................###..
...............##..#.###
.....##......###.# ...#.
....L #......####.#..#..
.... .........#......#.
.... ..........##..##.##
..... .. #.###...


You could see an ancient lich and 2 thrashing horrors.

Vanquished Creatures
  An ufetubus (Abyss:1)
1 creature vanquished.

Notes
Turn   | Place    | Note
-------+----------+-------------------------------------------
     0 | Abyss:1  | glosham the Mummy Abyssal Knight began the quest for the
                  | Orb.
     0 | Abyss:1  | Reached XP level 1. HP: 18/18 MP: 2/2
    54 | Abyss:1  | Reached skill level 2 in Axes
    64 | Abyss:1  | Found a corrupted altar of Lugonu.
   150 | Abyss:1  | Noticed a large abomination
   189 | Abyss:1  | Noticed a small abomination
   223 | Abyss:1  | Noticed a thrashing horror
   225 | Abyss:1  | Noticed a thrashing horror
   226 | Abyss:1  | HP: 1/18 [thrashing horror (2)]
   227 | Abyss:1  | Noticed an ancient lich
   227 | Abyss:1  | Mangled by a thrashing horror

Levels and vault maps discovered:
Abyss:1:  minivault_25, evilmike_abyss_exit_kraken, hangedman_summoners_spam,
          hangedman_summoners_spam, hangedman_abyss_or_decor_clamps

Skill      XL: |  1 |
---------------+----+-----
Axes           | 2 |  2.0
Fighting       | |  3.0
Armour         | |  1.5
Dodging        | |  0.7
Invocations    | |  1.5

Action                   || total
-------------------------++-------
Melee: Hand axe          ||     9
Armor: Leather armour    ||     6
Dodge: Dodged            ||    19

Table legend:
 A = Turns spent in this place as a percentage of turns spent in the entire game.
 B = Non-inter-level travel turns spent in this place as a percentage of non-inter-level travel turns spent in the entire game.
 C = Inter-level travel turns spent in this place as a percentage of turns spent in this place.
 D = Turns resting spent in this place as a percentage of non-inter-level travel turns spent in this place.
 E = Turns spent auto-exploring this place as a percentage of non-inter-level travel turns spent in this place.
 F = Non-inter-level travel turns spent in this place divided by the number of levels of this place that you've seen.
                   A       B       C       D       E      F
               +-------+-------+-------+-------+-------+----------------------
         Total | 100.0 | 100.0 |   0.0 |   0.0 |   0.0 | 227.0
         Abyss | 100.0 | 100.0 |   0.0 |   0.0 |   0.0 | 227.0
               +-------+-------+-------+-------+-------+----------------------

Table legend:
 A = Kills in this place as a percentage of kills in entire the game.
 B = Kills by you in this place as a percentage of kills by you in the entire game.
 C = Kills by friends in this place as a percentage of kills by friends in the entire game.
 D = Other kills in this place as a percentage of other kills in the entire game.
 E = Experience gained in this place as a percentage of experience gained in the entire game.
 F = Experience gained in this place divided by the number of levels of this place that you have seen.
                   A       B       C       D       E      F
               +-------+-------+-------+-------+-------+----------------------
         Total | 100.0 | 100.0 |   N/A |   N/A | 100.0 |   8.0
         Abyss | 100.0 | 100.0 |   N/A |   N/A | 100.0 |   8.0
               +-------+-------+-------+-------+-------+----------------------

Levels and vault maps discovered:
Abyss:1:  minivault_25, evilmike_abyss_exit_kraken, hangedman_summoners_spam,
          hangedman_summoners_spam, hangedman_abyss_or_decor_clamps
